 Dungeon Crawl Stone Soup version 0.24.0-13-gcf9b319 (webtiles) character file.

Game seed: 17146485338303097111, levelgen mode: deterministic

91 Fang the Skirmisher (level 4, -5/29 HPs)
             Began as a Gargoyle Berserker on Dec 4, 2019.
             Was a Believer of Trog.
             Killed from afar by Sigmund (8 damage)
             ... with a puff of flame
             ... on level 2 of the Dungeon.
             The game lasted 00:01:22 (1001 turns).

Fang the Skirmisher (Gargoyle Berserker)            Turns: 1001, Time: 00:01:22

Health: -5/29      AC:  6    Str: 22    XL:     4   Next: 57%
Magic:  4/4        EV: 14    Int:  7    God:    Trog [**....]
Gold:   46         SH:  0    Dex:  9    Spells: 3/3 levels left

rFire    . . .     SeeInvis .   a - +0 hand axe
rCold    . . .     Gourm    .   (no shield)
rNeg     + . .     Faith    .   b - +0 animal skin
rPois    ∞         Spirit   .   (no helmet)
rElec    +         Reflect  .   (no cloak)
rCorr    .         Harm     .   (no gloves)
MR       ++...                  (no boots)
Stlth    +.........             (no amulet)
HPRegen  1.09/turn              e - +1 ring of protection
MPRegen  0.09/turn              i - +2 ring of evasion

@: berserk cooldown, regenerating, slowed, very slow
A: negative energy resistance 1, electricity resistance, unbreathing,
petrification resistance, rot immunity, AC +3
a: Berserk, Trog's Hand, Renounce Religion


You were on level 2 of the Dungeon.
You worshipped Trog.
Trog was pleased with you.
You were near starving.

You visited 1 branch of the dungeon, and saw 2 of its levels.

You collected 46 gold pieces.

Inventory:

Hand Weapons
 a - a +0 hand axe (weapon)
Armour
 b - a +0 animal skin (worn)
Jewellery
 e - a +1 ring of protection (left hand)
 i - a +2 ring of evasion (right hand)
Scrolls
 f - a scroll of enchant armour {unknown}
 g - a scroll of enchant weapon {unknown}
 h - a scroll of magic mapping {unknown}
 j - 2 scrolls of identify {unknown}
 k - a scroll of noise {unknown}
 l - a scroll of amnesia {unknown}
 o - a scroll of immolation {unknown}
Potions
 m - a potion of brilliance {unknown}
 n - a potion of cancellation {unknown}
Comestibles
 c - 7 rations
 d - 2 chunks of flesh


   Skills:
 + Level 4.1 Fighting
 + Level 3.2 Axes
 + Level 3.1 Armour
 + Level 2.3 Dodging


You had 3 spell levels left.
You didn't know any spells.
Your spell library was empty.

Dungeon Overview and Level Annotations

Branches:
Dungeon (2/15)

Altars:
Elyvilon
Ru
Vehumet
Xom

Annotations:
D:2 Sigmund


Innate Abilities, Weirdness & Mutations

You are resistant to torment.
Your stone body is resilient. (AC +3)
You are immune to poison.
You resist negative energy. (rN+)
You are resistant to electric shocks. (rElec)
You can survive without breathing.
You are immune to petrification.
You are immune to rotting.


Message History

You are exhausted.
You feel yourself slow down.
You miss Sigmund.
Sigmund is almost dead.
Sigmund hits you with a +4 scythe of protection.
* * * LOW HITPOINT WARNING * * *
Sigmund hits you but does no damage.
You feel less confused.
Sigmund points at you and mumbles some strange words.
The magic dart hits you!
* * * LOW HITPOINT WARNING * * *
Sigmund closely misses you.
Sigmund points at you and mumbles some strange words.
The puff of flame misses you.
Your skin crawls.
You feel resistant to hostile enchantments.
You are near starving!
Sigmund casts a spell at you. The puff of flame hits you!
You die...

.##.###.##### .##.#
#.### ..#.###...#
..#..####.#
........#.###
###.....#..>######
..#.....##.......##
#.......#.$...@...##
#.............@..#
#....^...........#
#................#
.....#.........##
....##..!#...## ...
#########


You could see Sigmund.

Vanquished Creatures
  Jessica (D:2)
  A hound skeleton (D:2)
  3 adders (D:2)
  2 leopard geckos
  3 goblins
  4 hobgoblins
  4 kobolds
  4 bats
  A frilled lizard (D:1)
  4 rats (D:1)
27 creatures vanquished.

Notes
Turn   | Place    | Note
-------+----------+-------------------------------------------
     0 | D:1      | Fang the Gargoyle Berserker began the quest for the Orb.
     0 | D:1      | Reached XP level 1. HP: 14/14 MP: 1/1
   137 | D:1      | Reached XP level 2. HP: 11/19 MP: 2/2
   662 | D:2      | Reached XP level 3. HP: 21/23 MP: 3/3
   718 | D:2      | Noticed Jessica
   736 | D:2      | Killed Jessica
   736 | D:2      | Reached ** piety under Trog
   736 | D:2      | Reached skill level 4 in Fighting
   736 | D:2      | Reached XP level 4. HP: 13/29 MP: 4/4
   933 | D:2      | Found a white marble altar of Elyvilon.
   935 | D:2      | Found a shimmering altar of Xom.
   935 | D:2      | Found a sacrificial altar of Ru.
   937 | D:2      | Found a radiant altar of Vehumet.
   937 | D:2      | Found a shimmering altar of Xom.
   937 | D:2      | Found a shimmering altar of Xom.
   983 | D:2      | Noticed Sigmund
   998 | D:2      | HP: 1/29 [Sigmund/magic dart (8)]
  1001 | D:2      | Killed from afar by Sigmund

Levels and vault maps discovered:
D:1:      shiori_arrival_maze, layout_rooms
D:2:      layout_rooms, doesnt_xom_only_xom, uniq_terence, uniq_jessica,
          uniq_sigmund

Skill      XL: |  1  2  3 |
---------------+----------+-----
Axes           | 3 |  3.2
Dodging        | 2 |  2.3
Fighting       | 4 |  4.1
Armour         | 3 |  3.1

Action                   |  1- 3 |  4- 6 || total
-------------------------+-------+-------++-------
Melee: Hand axe          |   113 |    18 ||   131
Invok: Berserk           |       |     1 ||     1
       Trog's Hand       |       |     1 ||     1
Armor: Animal skin       |    47 |     7 ||    54
Dodge: Dodged            |    96 |    18 ||   114
